Map: [ESL] Data-C

Players

NightPhoenix

  • Race: Protoss Protoss
  • Spawn Location: 9:00

Clem - Winner!

  • Race: Terran Terran
  • Spawn Location: 3:00

Event: DreamHack SC2 Masters 2022 Atlanta (Online)

VOD

Have the link to the VOD?

Description

Time

  • Played on: Oct. 8, 2022, 11:40 a.m.
  • Length: 10:53

All games in this series

Show
View Real Time Build Order
Export as new Build Order

NightPhoenix Protoss 

Build Orders: 1 Gate Expand, Phoenix Opening 

Get SALT Encoding   

  12  0:00  Probe  
  13  0:12  Probe  
  14  0:17  Pylon  
  14  0:24  Probe (Chrono Boost)  
  16  0:36  Gateway, Probe (Chrono Boost)  
  16  0:42  Probe (Chrono Boost)  
  16  0:47  Assimilator  
  17  0:51  Probe  
  18  1:03  Probe  
  19  1:15  Probe  
  20  1:22  Nexus  
  20  1:34  Cybernetics Core  
  20  1:36  Probe  
  21  1:48  Assimilator  
  21  1:49  Probe  
  21  1:53  Pylon  
  22  2:01  Probe  
  23  2:08  Adept (Chrono Boost)  
  23  2:13  Probe  
  26  2:16  Stargate  
  26  2:25  Probe  
  26  2:26  Warp Gate  
  26  2:29  Adept (Chrono Boost)  
  26  2:35  Probe  
  29  2:37  Probe  
  30  2:47  Probe  
  30  2:50  Adept  
  31  2:57  Probe  
  34  2:59  Probe  
  35  3:08  Phoenix  
  35  3:10  Probe  
  35  3:12  Probe  
  39  3:14  Pylon  
  39  3:22  Probe  
  39  3:24  Probe  
  41  3:34  Probe  
  42  3:36  Phoenix (Chrono Boost)  
  44  3:41  Probe  
  44  3:46  Probe  
  46  3:51  Robotics Facility  
  46  3:57  Probe  
  46  3:58  Phoenix (Chrono Boost), Probe  
  46  4:02  Pylon  
  50  4:07  Gateway  
  50  4:09  Probe  
  51  4:12  Assimilator  
  51  4:16  Probe  
  52  4:19  Phoenix  
  52  4:37  Stalker  
  54  4:38  Probe x2 (Chrono Boost)  
  54  4:42  Immortal  
  56  4:51  Probe x2 (Chrono Boost)  
  58  4:53  Assimilator  
  58  4:55  Phoenix  
  58  4:57  Gateway  
  58  4:58  Probe x2 (Chrono Boost)  
  62  5:02  Pylon  
  62  5:08  Pylon  
  62  5:10  Pylon  
  62  5:14  Robotics Bay  
  62  5:20  Probe x2  
  64  5:32  Phoenix, Probe x2  
  64  5:33  Observer  
  69  5:44  Probe x2  
  69  5:45  Nexus  
  69  5:49  Shield Battery  
  71  5:51  Sentry  
  71  5:56  Probe x2  
  75  6:04  Colossus (Chrono Boost)  
  75  6:08  Probe x2  
  83  6:14  Stalker  
  85  6:20  Probe  
  85  6:22  Pylon x2  
  86  6:40  Probe x2  
  86  6:41  Stalker x3  
  86  6:43  Colossus (Chrono Boost)  
  86  6:46  Observer  
  100  6:58  Extended Thermal Lance (Chrono Boost)  
  100  7:00  Probe x2  
  100  7:01  Probe  
  101  7:07  Gateway  
  101  7:09  Gateway, Forge  
  101  7:11  Stalker x2  
  101  7:15  Stalker  
  103  7:24  Probe  
  103  7:25  Probe x2  
  103  7:29  Twilight Council  
  106  7:32  Pylon  
  106  7:35  Colossus (Chrono Boost)  
  106  7:37  Probe x2  
  114  7:40  Stalker  
  114  7:44  Pylon  
  116  7:46  Pylon  
  116  7:47  Probe, Assimilator  
  116  7:48  Assimilator  
  116  7:50  Probe  
  118  7:55  Stalker  
  120  8:02  Gateway  
  120  8:04  Gateway  
  120  8:07  Gateway, Probe x2  
  120  8:08  Charge (Chrono Boost), Probe  
  120  8:11  Stalker x2  
  127  8:19  Pylon  
  126  8:21  Pylon  
  126  8:24  Warp Prism  
  126  8:40  Stalker x3  
  126  8:41  Stalker x2  
  136  9:01  Zealot x2  
  138  9:03  Nexus  
  138  9:04  Pylon  
  138  9:09  Zealot  
  135  9:10  Zealot x4  
  135  9:14  Zealot  
  135  9:16  Disruptor (Chrono Boost)  
  145  9:20  Templar Archives  
  148  9:26  Zealot x2  
  148  9:30  Robotics Facility  
  150  9:35  Zealot x2  
  150  9:36  Zealot x2  
  158  9:46  Zealot  
  158  9:47  Zealot x2  
  158  9:51  Zealot  
  162  9:57  Zealot  
  158  10:07  Zealot x3  
  130  10:22  Disruptor x2 (Chrono Boost), Stalker x5  
  146  10:30  Stalker x3  
  146  10:33  Probe x3  
  146  10:35  Probe  
Show
View Real Time Build Order
Export as new Build Order

Clem Terran - Winner!

Build Orders: Reaper Expand 

Get SALT Encoding   

  12  0:02  SCV  
  13  0:14  SCV  
  14  0:17  Supply Depot  
  14  0:26  SCV  
  15  0:39  SCV  
  15  0:40  Barracks  
  16  0:44  Refinery  
  16  0:51  SCV  
  17  1:03  SCV  
  18  1:15  SCV  
  19  1:27  Reaper, Orbital Command  
  20  1:44  Command Center  
  20  1:50  Supply Depot  
  20  1:54  SCV  
  20  1:59  Marine  
  22  2:05  Bunker  
  22  2:08  SCV  
  23  2:16  Factory  
  23  2:20  SCV  
  24  2:23  Barracks Reactor  
  24  2:32  SCV  
  24  2:35  Refinery  
  25  2:44  SCV  
  26  2:56  SCV, Orbital Command  
  27  3:01  Starport  
  27  3:08  SCV  
  27  3:09  Hellion x2  
  32  3:13  Marine  
  32  3:19  Supply Depot  
  33  3:20  SCV  
  33  3:24  SCV  
  35  3:32  SCV, Widow Mine x2  
  39  3:35  Marine  
  39  3:38  Viking  
  42  3:42  SCV  
  42  3:46  SCV  
  43  3:49  Barracks  
  43  3:54  SCV  
  44  3:59  SCV, Barracks  
  45  4:06  SCV  
  45  4:08  Factory Tech Lab  
  45  4:09  Supply Depot, Marine x2  
  47  4:12  SCV  
  47  4:15  Starport Tech Lab  
  49  4:17  Engineering Bay  
  49  4:18  SCV  
  50  4:24  SCV  
  50  4:27  Marine x2  
  50  4:30  SCV  
  52  4:38  SCV  
  52  4:39  Starport Reactor  
  52  4:43  SCV, Factory Reactor  
  52  4:45  Terran Infantry Weapons Level 1, Marine x2  
  55  4:50  SCV, Stimpack  
  55  4:51  Marine  
  53  4:56  SCV, Refinery  
  53  4:59  Missile Turret  
  54  5:01  Missile Turret  
  54  5:03  Combat Shield, Marine  
  54  5:06  SCV  
  56  5:07  Marine x2  
  56  5:09  Marine  
  59  5:14  SCV  
  59  5:15  Supply Depot  
  59  5:20  Medivac  
  62  5:27  Supply Depot  
  62  5:29  Refinery  
  62  5:32  Medivac, Marine  
  62  5:33  SCV, Widow Mine x2  
  70  5:37  SCV, Marauder  
  70  5:39  Marauder  
  70  5:40  Marine  
  75  5:45  Supply Depot  
  75  5:46  SCV  
  75  5:49  SCV  
  77  5:50  Marine  
  77  5:55  Widow Mine x2  
  77  5:56  Medivac  
  84  5:58  SCV  
  85  6:07  Marauder x2  
  85  6:09  SCV  
  85  6:10  SCV, Marine x2  
  87  6:28  Marine  
  87  6:29  Command Center, Marine  
  87  6:31  Marauder  
  89  6:32  SCV  
  89  6:35  SCV  
  88  6:40  Concussive Shells  
  88  6:41  Supply Depot  
  88  6:42  Marauder  
  88  6:45  Medivac  
  92  6:48  Medivac  
  94  6:54  Terran Infantry Armor Level 1  
  94  6:57  SCV  
  94  6:58  SCV, Marine x2  
  93  7:03  Marauder  
  93  7:05  Supply Depot  
  93  7:06  Marauder  
  97  7:13  Barracks  
  97  7:14  Barracks  
  97  7:17  SCV x2  
  97  7:25  Supply Depot, Marauder  
  97  7:29  SCV  
  100  7:30  Viking  
  100  7:31  Viking  
  100  7:35  SCV  
  104  7:37  Supply Depot  
  104  7:41  SCV  
  105  7:47  SCV, Marauder  
  105  7:48  Marauder  
  105  7:49  Supply Depot  
  110  7:53  SCV  
  110  7:54  Starport  
  110  7:56  Marine  
  110  7:57  Marine  
  113  7:59  SCV  
  113  8:02  Orbital Command  
  113  8:05  SCV  
  115  8:08  Viking  
  115  8:09  Barracks Reactor, Barracks Tech Lab  
  115  8:11  Viking  
  119  8:13  SCV  
  119  8:15  Marauder  
  119  8:17  Marauder  
  119  8:19  SCV  
  125  8:23  Ghost Academy  
  125  8:24  Supply Depot  
  125  8:25  SCV  
  126  8:29  SCV, Marauder  
  126  8:31  SCV  
  129  8:35  Viking  
  129  8:37  Marauder  
  129  8:40  Viking  
  135  8:42  Viking  
  135  8:44  SCV x2  
  135  8:45  SCV  
  140  8:49  Refinery  
  140  8:50  Refinery  
  139  8:57  Command Center  
  139  8:59  Ghost  
  141  9:04  Ghost  
  141  9:06  Ghost  
  145  9:11  Marine x2  
  145  9:12  Supply Depot, Marine x2  
  145  9:16  Medivac  
  151  9:20  Armory  
  151  9:21  Engineering Bay  
  150  9:25  Viking  
  150  9:28  Marine  
  150  9:30  Supply Depot  
  152  9:35  Ghost x2  
  156  9:39  Marine x2  
  156  9:40  Marine  
  156  9:41  Marine  
  159  9:46  Ghost  
  159  9:49  Supply Depot  
  159  9:50  Supply Depot  
  158  9:57  SCV  
  158  9:58  SCV  
  158  9:59  Barracks x2  
  159  10:01  Marine  
  159  10:05  Marauder x2  
  159  10:09  Viking x2  
  159  10:11  Marine  
  159  10:12  SCV, Marine  
  160  10:15  Marauder  
  160  10:21  Viking  
  164  10:22  SCV  
  164  10:24  SCV x2  
  164  10:27  Barracks  
  167  10:34  SCV  
  168  10:36  SCV  
  158  10:51  Barracks Tech Lab  
Tags
 
Add a new tag
Caveats
  • Supply blocks, unpowered buildings, or Contaminate may cause inaccurate times.
  • Supply counts are checked every 10 seconds.